 Dungeon Sprint DCSS version 0.30-a0-177-g1cb5dbfd7a (webtiles) character file.

Game seed: 3535041358307754165

105 hellse the Insei (level 4, -1/44 HPs)
             Began as a Gnoll Transmuter on Oct 2, 2022.
             Slain by a human (4 damage)
             ... in the Dungeon (Sprint III: "The Ten Rune Challenge").
             The game lasted 00:02:00 (352 turns).

hellse the Insei (Gnoll Transmuter)                  Turns: 352, Time: 00:02:01

Health: -1/44      AC:  6    Str: 11    XL:     4   Next: 83%
Magic:  7/11       EV: 12    Int: 12    God:
Gold:   31         SH:  0    Dex: 13    Spells: 9/14 levels left

rFire   x . .      SeeInvis .      - Unarmed
rCold   + + +      Faith    .    (shield currently unavailable)
rNeg    . . .      Spirit   .    (body armour currently unavailable)
rPois   +          Reflect  .    (helmet currently unavailable)
rElec   .          Harm     .    (cloak currently unavailable)
rCorr   .          Rampage  .    (gloves currently unavailable)
Will    .....      NoTele   +    (boots currently unavailable)
Stlth   ++........               (no amulet)
HPRegen 0.27/turn                (no ring)
MPRegen 0.12/turn                (no ring)

@: ice-form, hasted, very quick
A: freezing attack, amphibious, boosted hp, large, (fangs 1), strong nose,
distributed training
a: End Transformation


You were in the Dungeon.
You were a creature of crystalline ice.
You visited 1 branch You collected 31 gold pieces.

Inventory:

Hand Weapons
 g - a +3 quarterstaff of chaos (melded)
 i - a +0 sling
Armour
 a - a +0 robe (melded)
 j - a +0 cloak (melded)
Scrolls
 h - a scroll of blinking
 l - a scroll of torment {unknown}
 m - 3 scrolls of identify
 o - a scroll of poison {unknown}
Potions
 b - a potion of lignification
 c - 2 potions of curing
 d - a potion of heal wounds
 f - 2 potions of magic
 k - 4 potions of mutation {unknown}
 n - 4 potions of flight


   Skills:
 + Level 4.1 Fighting
 + Level 3.1 Short Blades
 + Level 3.1 Long Blades
 + Level 3.1 Axes
 + Level 3.1 Maces & Flails
 + Level 3.1 Polearms
 + Level 3.1 Staves
 + Level 3.1 Ranged Weapons
 + Level 3.1 Throwing
 + Level 3.1 Armour
 + Level 5.6 Dodging
 + Level 3.1 Stealth
 + Level 3.1 Shields
 + Level 7.3 Unarmed Combat
 + Level 5.9 Spellcasting
 + Level 2.5 Conjurations
 + Level 2.5 Hexes
 + Level 2.5 Summonings
 + Level 2.5 Necromancy
 + Level 2.5 Translocations
 + Level 4.6 Transmutations
 + Level 2.5 Fire Magic
 + Level 2.5 Ice Magic
 + Level 2.5 Air Magic
 + Level 2.5 Earth Magic
 + Level 2.5 Poison Magic
 + Level 3.4 Invocations
 + Level 3.1 Evocations


You had 9 spell levels left.
You knew the following spells:

 Your Spells              Type           Power      Damage    Failure   Level
a - Beastly Appendage     Tmut           28%        N/A       2%          1
b - Ice Form              Ice/Tmut       12%        N/A       38%         4

Your spell library contained the following spells:

 Spells                   Type           Power      Damage    Failure   Level
 Wereblood                Tmut           14%        N/A       4%          2
 Spider Form              Tmut/Pois      12%        N/A       12%         3
 Portal Projectile        Hex/Tloc       18%        N/A       19%         3
 Tukima's Dance           Hex            9%         N/A       19%         3
 Blade Hands              Tmut           7%         N/A       58%         5


Dungeon Overview and Level Annotations

Branches:
Dungeon (1/1)

Altars:
Okawaru
Trog
Uskayaw
Wu Jian


Innate Abilities, Weirdness & Mutations

You are a creature of crystalline ice.
You have a powerful freezing melee attack.
You are amphibious.
Your maximum health is increased.
Your armour is entirely melded.
You are incapable of wielding weapons or throwing items.
((You have very sharp teeth.))
Your uncanny sense of smell can sniff out nearby items.
Your experience applies equally to all skills.


Message History

Confirm with . or Enter, or press ? or * to list all spells.
The spell is extremely dangerous to miscast (38% risk of failure)!
Continue anyway?
You miscast Ice Form.
You are very lightly contaminated with residual magic.
Nothing appears to happen.
You start resting.
Your magical contamination has completely faded away.
You start resting.
Magic restored.
Casting: Ice Form (extremely dangerous; 38% risk of failure)
Confirm with . or Enter, or press ? or * to list all spells.
The spell is extremely dangerous to miscast (38% risk of failure)!
Continue anyway?
You turn into a creature of crystalline ice.
Your +3 quarterstaff of chaos melds into your body.
Your +0 cloak melds into your body.
Your +0 robe melds into your body.
As you open the door, it creaks loudly! 2 humans come into view.
The human shouts! x2
The human drinks a potion.
The human goes berserk!
Found a falchion and a robe.
Found five altars.
The human drinks a potion.
The human seems to grow stronger.
There is an open door here.
You closely miss the human. The human misses you. The human hits you.
You closely miss the human. The human hits you. The human hits you!
You barely miss the human. The human hits you. The human hits you!
Press: ? - help, v - describe, . - travel
Here: a human (berserk)
A hide-covered altar of Uskayaw.
Unknown command.
Okay, then.
Unknown command.
Okay, then.
You feel yourself speed up. The human barely misses you. The human hits you!
* * * LOW HITPOINT WARNING * * *
The human hits you!
* * * LOW HITPOINT WARNING * * *
Unknown command.
Unknown command.
The human attacks as you move away! The human hits you.
You die...

▓▓▓▓ ▓▓▓ ...#### ##.#
##### ......#####..# #___#
.....†.#..#..#∆ #p_)#∆
#.##...#..#..###+#'###+##∆
#.###..##'#..#...p......#∆
##.##..###...'.⌠Y.......#∆
..##..####...#...######+#
..##..###....#.⌠.#
.##†..##.....#...#∆
##....#†.....#+###
##..##.#.....# ∆∆
#..#####....# ▓▓▓▓ ▓▓▓▓▓▓


You could see 2 humans.

Vanquished Creatures
  A water elemental (D)
  Crazy Yiuf (D)
  A human (D)
  An endoplasm (D)
  3 rats (D)
7 creatures vanquished.

Notes
Turn   | Place    | Note
-------+----------+-------------------------------------------
     0 | D        | hellse the Gnoll Transmuter began the quest for the Orb.
     0 | D        | Reached XP level 1. HP: 17/17 MP: 6/6
    33 | D        | Reached skill level 5 in Spellcasting
    58 | D        | Noticed Crazy Yiuf
    64 | D        | Reached skill level 1 in Short Blades
    64 | D        | Reached skill level 1 in Long Blades
    64 | D        | Reached skill level 1 in Axes
    64 | D        | Reached skill level 1 in Maces & Flails
    64 | D        | Reached skill level 1 in Polearms
    64 | D        | Reached skill level 1 in Staves
    64 | D        | Reached skill level 1 in Ranged Weapons
    64 | D        | Reached skill level 1 in Throwing
    64 | D        | Reached skill level 1 in Armour
    64 | D        | Reached skill level 1 in Stealth
    64 | D        | Reached skill level 1 in Shields
    64 | D        | Reached skill level 1 in Conjurations
    64 | D        | Reached skill level 1 in Hexes
    64 | D        | Reached skill level 1 in Summonings
    64 | D        | Reached skill level 1 in Necromancy
    64 | D        | Reached skill level 1 in Translocations
    64 | D        | Reached skill level 1 in Fire Magic
    64 | D        | Reached skill level 1 in Ice Magic
    64 | D        | Reached skill level 1 in Air Magic
    64 | D        | Reached skill level 1 in Earth Magic
    64 | D        | Reached skill level 1 in Poison Magic
    64 | D        | Reached skill level 1 in Invocations
    64 | D        | Reached skill level 1 in Evocations
    64 | D        | Reached XP level 2. HP: 24/24 MP: 5/8
    67 | D        | Killed Crazy Yiuf
    68 | D        | Reached skill level 5 in Dodging
    68 | D        | Reached skill level 7 in Unarmed Combat
    68 | D        | Reached XP level 3. HP: 29/29 MP: 7/10
   126 | D        | Noticed a water elemental
   135 | D        | Killed a water elemental
   136 | D        | Reached XP level 4. HP: 28/37 MP: 9/11
   175 | D        | Learned a level 4 spell: Ice Form
   344 | D        | Found a hide-covered altar of Uskayaw.
   344 | D        | Found an iron altar of Okawaru.
   344 | D        | Found a bloodstained altar of Trog.
   344 | D        | Found an ornate altar of the Wu Jian Council.
   344 | D        | Noticed a human
   344 | D        | Noticed a human
   352 | D        | Slain by a human

Illustrated notes

Levels and vault maps discovered:
D:        dungeon_sprint_mu [sprint_mu_entry_cave, sprint_mu_temple_rooms,
          sprint_mu_d1_spiders, sprint_mu_d2_genie, sprint_mu_d3_branching,
          sprint_mu_orc_legion, sprint_mu_elf_gauntlet, sprint_mu_hive_nellie,
          sprint_mu_lair_fedhas, sprint_mu_vaults_butterflies,
          sprint_mu_slime_circle, sprint_mu_swamp_cave, sprint_mu_shoals_kraken,
          sprint_mu_blade_basic, sprint_mu_crypt_fortress,
          sprint_mu_tomb_spiral, sprint_mu_vestibule_basic,
          sprint_mu_gehenna_hellfire, sprint_mu_dis_giant,
          sprint_mu_tartarus_statrot, sprint_mu_cocytus_islands, sprint_mu_zot1]

Skill      XL: |  1  2  3 |
---------------+----------+-----
Spellcasting   | 5 |  5.9
Fighting       | 3 4 |  4.1
Short Blades   | 1 2 3 |  3.1
Long Blades    | 1 2 3 |  3.1
Axes           | 1 2 3 |  3.1
Maces & Flails | 1 2 3 |  3.1
Polearms       | 1 2 3 |  3.1
Staves         | 1 2 3 |  3.1
Ranged Weapons | 1 2 3 |  3.1
Throwing       | 1 2 3 |  3.1
Armour         | 1 2 3 |  3.1
Stealth        | 1 2 3 |  3.1
Shields        | 1 2 3 |  3.1
Conjurations   | 1 2 |  2.5
Hexes          | 1 2 |  2.5
Summonings     | 1 2 |  2.5
Necromancy     | 1 2 |  2.5
Translocations | 1 2 |  2.5
Transmutations | 4 |  4.6
Fire Magic     | 1 2 |  2.5
Ice Magic      | 1 2 |  2.5
Air Magic      | 1 2 |  2.5
Earth Magic    | 1 2 |  2.5
Poison Magic   | 1 2 |  2.5
Invocations    | 1 2 3 |  3.4
Evocations     | 1 2 3 |  3.1
Dodging        | 5 |  5.6
Unarmed Combat | 7 |  7.3

Action                   |  1- 3 |  4- 6 || total
-------------------------+-------+-------++-------
Melee: Unarmed           |    12 |     3 ||    15
       Kick              |     6 |       ||     6
       Headbutt          |     1 |       ||     1
       Quarterstaff      |     5 |       ||     5
 Fire: Sling             |     5 |       ||     5
 Cast: Beastly Appendage |     5 |       ||     5
       Ice Form          |       |     1 ||     1
  Use: Potion            |     1 |     1 ||     2
 Stab: Sleeping          |     1 |       ||     1
Dodge: Dodged            |    10 |     2 ||    12

Table legend: (Time is in decaauts)
 A = Elapsed time spent in this place.
 B = Non-inter-level travel time spent in this place.
 C = Inter-level travel time spent in this place.
 D = Time resting spent in this place.
 E = Time spent auto-exploring this place.
 F = Levels seen in this place.
 G = Mean time per level.
                   A        B        C        D        E       F      G
               +--------+--------+--------+--------+--------+-----+--------+
         Total |    359 |    359 |      0 |    211 |      0 |   1 |  359.0 |
       Dungeon |    359 |    359 |      0 |    211 |      0 |   1 |  359.0 |
               +--------+--------+--------+--------+--------+-----+--------+

Top non-repeatable levels by time:
       D: 359 daAuts
